 Dungeon Crawl Stone Soup version 0.18.1-8-gdd0e5ea (webtiles) character file.

272 Chiseanne the Skirmisher (level 6, -7/33 HPs)
             Began as a Vine Stalker Monk on May 21, 2016.
             Was a Believer of Okawaru.
             Killed from afar by a gnoll (18 damage)
             ... with a wand of acid
             ... on level 4 of the Dungeon.
             The game lasted 00:06:11 (2290 turns).

Chiseanne the Skirmisher (Vine Stalker Monk)        Turns: 2290, Time: 00:06:11

Health: -7/33      AC:  2    Str: 14      XL:     6   Next: 23%
Magic:  0/8        EV: 11    Int:  9 (10) God:    Okawaru [**....]
Gold:   237        SH:  0    Dex: 19 (20) Spells: 0 memorised, 5 levels left

rFire  . . .     SeeInvis .       - Unarmed
rCold  . . .     Gourm    .     p - +0 scale mail
rNeg   . . .     Faith    .     (no shield)
rPois  .         Spirit   +     (no helmet)
rElec  .         Dismiss  .     (no cloak)
rCorr  .         Reflect  .     (no gloves)
SustAt .         Harm     .     (no boots)
MR     .....                    (no amulet)
Stlth  +.........               (no ring)
                                (no ring)

@: corroded, not resistant to hostile enchantments, very unstealthy
A: fangs 2, agile 1, regeneration 3, screaming 1, magic shield, antimagic bite,
no device heal 3, rot immunity
a: Heroism, Renounce Religion


You were on level 4 of the Dungeon.
You worshipped Okawaru.
Okawaru was pleased with you.
You were not hungry.

You visited 1 branch of the dungeon, and saw 4 of its levels.

You collected 237 gold pieces.

Inventory:

Hand Weapons
 a - a +1 hand axe of chopping
 e - a +0 flail of protection
 f - a +2 falchion of slicing
 j - a +0 dagger of venom
Missiles
 c - 159 stones (quivered)
 d - 18 arrows
 h - 30 sling bullets
 n - 13 tomahawks
Armour
 p - a +0 scale mail (worn)
Potions
 m - a potion of curing {unknown}
Comestibles
 b - 3 bread rations
 g - 3 chunks of flesh
 i - a slice of pizza
 k - 2 meat rations
 l - 4 fruits


   Skills:
 * Level 4.1 Fighting
 * Level 1.9 Armour
 * Level 3.6 Dodging
 - Level 2.4 Stealth
 - Level 4.0 Unarmed Combat
 * Level 2.1 Invocations


You had 5 spell levels left.
You didn't know any spells.

Dungeon Overview and Level Annotations

Branches:
Dungeon (4/15)
 Temple: D:4-7

Altars:
Okawaru
Ru


Innate Abilities, Weirdness & Mutations

You have extremely sharp teeth.
You regenerate.
When hurt, damage is shared between your health and your magic reserves.
Your bite disrupts and absorbs the magic of your enemies.
Potions and wands cannot restore your health.
You are immune to rotting.
You are agile. (Dex +2)
You occasionally shout uncontrollably at your foes.


Message History

You see here an adder corpse.
The gnoll shouts!
A jackal and a gnoll come into view.
The gnoll shouts! x3
The gnoll hits you from afar with a spear.
Items here: ) [ †† a whip; a leather armour; a gnoll corpse x2
You see here an adder corpse.
The gnoll zaps a wand.
The bolt of acid misses you.
It is a wand of acid.
The gnoll zaps a wand.
The bolt of acid hits you!
The acid burns!
Items here: ))) ÷ a vampiric dagger; a flail; a whip; a gnoll skeleton The gnoll zaps a wand.
The bolt of acid hits you! The acid corrodes you!
The acid burns!
* * * LOW HITPOINT WARNING * * *
The gnoll zaps a wand.
The bolt of acid misses you.
Some of the chunks of flesh in your inventory have rotted away.
The gnoll zaps a wand.
The bolt of acid hits you!
Ouch! That really hurt!
You die...

#.≈≈≈....# g.#.≈≈≈....# #....
#'###≈≈....#
##''''#############...#≈≈P...#
..................#g..#≈≈....#
≈≈....≈≈≈≈≈≈≈≈≈≈≈≈#####≈≈....#
≈≈g...g≈≈≈≈≈≈≈≈≈≈≈≈≈≈≈≈≈≈....#
g≈..h.≈≈≈≈≈≈≈≈≈≈≈≈≈≈≈≈≈≈≈...P#
..............@......).......#
# #)###########g##########
####.##.# #.# $......†## #.#
###......## #g# #.......## #.#
...........########.#
............ggg.....#
#######.>..##########


You could see a gnoll.

Vanquished Creatures
  A gnoll shaman (D:4)
  7 gnolls
  4 adders
  2 oozes (D:2)
  An adder skeleton (D:4)
  2 worms
  3 dart slugs
  A giant gecko (D:4)
  6 orcs
  5 giant cockroaches
  13 goblins
  5 hobgoblins
  15 jackals
  4 kobolds
  A quokka (D:3)
  A ball python (D:2)
  8 bats
  7 giant newts
  6 rats
92 creatures vanquished.

Vanquished Creatures (others)
  An orc wizard (D:3)
1 creature vanquished.

Grand Total: 93 creatures vanquished

Notes
Turn   | Place    | Note
--------------------------------------------------------------
     0 | D:1      | Chiseanne the Vine Stalker Monk began the quest for the Orb.
     0 | D:1      | Reached XP level 1. HP: 11/11 MP: 2/2
    55 | D:1      | Reached XP level 2. HP: 16/16 MP: 3/3
   204 | D:1      | Found an iron altar of Okawaru.
   216 | D:1      | Became a worshipper of Warmaster Okawaru
   216 | D:1      | Reached * piety under Okawaru
   216 | D:1      | Reached ** piety under Okawaru
   412 | D:1      | Reached XP level 3. HP: 20/20 MP: 4/4
   682 | D:2      | Reached XP level 4. HP: 24/24 MP: 5/5
   709 | D:2      | Reached skill level 1 in Invocations
   929 | D:2      | Reached skill level 1 in Armour
   976 | D:2      | Reached XP level 5. HP: 17/29 MP: 7/7
  1265 | D:2      | Gained mutation: You heal very quickly. [potion of mutation]
  1265 | D:2      | Gained mutation: You occasionally shout uncontrollably at your foes. [potion of mutation]
  1265 | D:2      | Gained mutation: You are agile. (Dex +2) [potion of mutation]
  1413 | D:3      | Found a sacrificial altar of Ru.
  2181 | D:4      | Gained mutation: You regenerate. [Vine Stalker growth]
  2181 | D:4      | Reached XP level 6. HP: 32/33 MP: 8/8
  2276 | D:4      | HP: 1/33 [acid (9)]
  2290 | D:4      | Killed from afar by a gnoll

Skill      XL: |  1  2  3  4  5 |
---------------+----------------+-----
Fighting       | 3 4 |  4.1
Dodging        | 3 |  3.6
Invocations    | 1 2 |  2.1
Armour         | 1 |  1.9
Stealth        | |  2.4
Unarmed Combat | |  4.0

Action                   |  1- 3 |  4- 6 || total
-------------------------+-------+-------++-------
Melee: Unarmed           |    89 |   243 ||   332
       Bite              |    27 |    81 ||   108
       Punch             |     1 |     9 ||    10
Invok: Heroism           |       |     1 ||     1
  Use: Potion            |     3 |     3 ||     6
       Scroll            |     2 |     3 ||     5
 Stab: Sleeping          |     1 |     1 ||     2
       Distracted        |       |     1 ||     1
  Eat: Chunk             |       |     5 ||     5
Armor: Robe              |     7 |       ||     7
       Ring mail         |    23 |    45 ||    68
       Scale mail        |       |    29 ||    29
Dodge: Dodged            |    51 |   146 ||   197
